 Dungeon Crawl Stone Soup version 0.32-a0-520-g344ed53f66 (webtiles) character file.

Game seed: 16718753616641854754

219 domi the Apothecary (level 5, -3/35 HPs)
             Began as a Demonspawn Alchemist on Feb 27, 2024.
             Was an Initiate of Vehumet.
             Slain by Crazy Yiuf
             ... wielding a +3 quarterstaff of chaos
              (6 damage)
             ... on level 2 of the Dungeon.
             The game lasted 00:05:58 (2173 turns).

domi the Apothecary (Demonspawn Alchemist)          Turns: 2173, Time: 00:05:59

Health: -3/35      AC:  2    Str:  8    XL:     5   Next: 64%
Magic:  7/8        EV: 14    Int: 18    God:    Vehumet [......]
Gold:   134        SH:  0    Dex: 13    Spells: 2/8 levels left

rFire   . . .        (no weapon)
rCold   . . .        (no shield)
rNeg    . . .        a - +0 robe
rPois   .            (no helmet)
rElec   .            (no cloak)
rCorr   .            (no gloves)
SInv    .            (no boots)
Will    .....        (no amulet)
Stlth   ++           (no ring)
HPRegen 0.25/turn    (no ring)
MPRegen 0.11/turn

%: no passive effects
@: lethally poisoned (-3 -> -13)
A: repulsion field 1, foul stench 1
a: Renounce Religion


You were on level 2 of the Dungeon.
You worshipped Vehumet.
Vehumet was noncommittal.
You visited 1 branch of the dungeon, and saw 2 of its levels.

You collected 134 gold pieces.

Inventory:

Armour
 a - a +0 robe (worn)
Scrolls
 d - 2 scrolls of blinking {unknown}
 e - a scroll of enchant weapon {unknown}
 g - 3 scrolls of identify {unknown}
 h - a scroll of poison {!r}
 j - a scroll of noise {unknown}
 k - a scroll of revelation {unknown}
 l - a scroll of enchant armour {unknown}
 m - a scroll of acquirement {unknown}
Potions
 b - 2 potions of magic
 c - a potion of brilliance {unknown}
 f - a potion of lignification {unknown}
 i - 2 potions of enlightenment {unknown}
 n - a potion of might {unknown}
 o - a potion of curing {unknown}
 p - a potion of invisibility {unknown}


   Skills:
 - Level 1.7 Dodging
 - Level 1.7 Stealth
 - Level 2.0 Spellcasting
 - Level 1.0 Conjurations
 + Level 2.4 Air Magic
 + Level 5.6 Alchemy


You had 2 spell levels left.
You knew the following spells:

 Your Spells              Type           Power      Damage    Failure   Level
c - Mephitic Cloud        Conj/Alch/Air  12%        N/A       16%         3
y - Mercury Vapours       Alch/Air       32%        N/A       5%          2
z - Sting                 Conj/Alch      52%        1d6       4%          1

Your spell library contained the following spells:

 Spells                   Type           Power      Damage    Failure   Level
 Lesser Beckoning         Tloc           2%         N/A       26%         2
 Scorch                   Fire           2%         2d5       26%         2
 Olgreb's Toxic Radiance  Alch           22%        N/A       17%         4
 Gell's Gravitas          Tloc           1%         N/A       47%         3
 Teleport Other           Tloc           1%         N/A       47%         3
 Sticky Flame             Fire/Alch      12%        2d5       50%         4
 Flame Wave               Conj/Fire      3%         2d5       82%         4
 Summon Cactus Giant      Summ           0%         N/A       100%        6


Dungeon Overview and Level Annotations

Branches:
Dungeon (2/15)

Altars:
Vehumet

Shops:
D:1 (:[

Annotations:
D:2 Crazy Yiuf


Innate Abilities, Weirdness & Mutations

You are surrounded by a mild repulsion field. (EV +2)
You may rarely emit foul miasma when damaged in melee.


Message History

Okay, then.
You now have 125 gold pieces (gained 17).
p - a silvery potion You now have 134 gold pieces (gained 9).
Found a stone staircase leading up.
There is a stone staircase leading up here.
Sigmund the Dreaded comes into view.
He is wielding a +0 scythe and wearing a +1 robe of fire resistance.
Sigmund shouts!
Okay, then.
Unknown command.
Press: ? - help, Shift-Dir - straight line You miscast Mephitic Cloud.
You are very lightly contaminated with residual magic.
Nothing appears to happen.
Okay, then.
Unknown command.
Press: ? - help, Dir - move target, f - Sigmund
Aim: Sigmund, wielding a +0 scythe and wearing a +1 robe of fire resistance (chance to weaken: 94%) Out of range.
Okay, then.
Press: ? - help, Shift-Dir - straight line, f - Sigmund
Aim: Sigmund, wielding a +0 scythe and wearing a +1 robe of fire resistance (68% to hit)
The sting hits Sigmund.
Sigmund is poisoned.
Press: ? - help, Dir - move target, f/p - Sigmund
Aim: Sigmund, wielding a +0 scythe and wearing a +1 robe of fire resistance (lightly wounded, poisoned, chance to weaken: 94%) Fumes of mercury billow around Sigmund!
Sigmund looks even sicker.
Sigmund looks weaker.
You don't have enough magic to cast this spell.
Sigmund is no longer weakened.
Sigmund casts a spell.
Sigmund flickers and vanishes!
Deactivating autopickup; reactivate with Ctrl-A.
Your magical contamination has completely faded away.
You can't see any susceptible monsters within range! (Use Z to cast anyway.)
You don't know that spell.
Unknown command.
Press: ? - help, Shift-Dir - straight line The sting hits something.
A magic dart appears from out of thin air!
The magic dart hits you!
There is a stone staircase leading up here.
Something tries to affect you, but you resist.
Something tries to affect you, but you resist.
There is a stone staircase leading down here.
A puff of flame appears from out of thin air!
The puff of flame is repelled.
Vehumet accepts your kill.
You feel a bit more experienced.
Your Air Magic skill gained 2 levels and is now at level 2!
Your Alchemy skill increases to level 5!
You have reached level 4!
You feel clever.
Your demonic ancestry asserts itself...
You begin to radiate repulsive energy.
You have reached level 5!
You start resting.
Unknown command.
There is a stone staircase leading down here.
Things that are here:
a +0 scythe; a +1 robe of fire resistance; the human corpse of Sigmund You see here a +0 dagger.
Found a runed translucent door.
Crazy Yiuf shouts!
Could not explore, unopened runed door.
Could not explore, unopened runed door.
Unknown command.
Okay, then.
Unknown command.
Press: ? - help, v - describe, . - travel A cache of fruit.
You open the door.
Press: ? - help, Shift-Dir - straight line, f - Crazy Yiuf
Aim: Crazy Yiuf, wielding a +3 quarterstaff of chaos and wearing a +0 cloak (75% to hit)
The sting misses Crazy Yiuf.
Crazy Yiuf attacks as he pursues you! Crazy Yiuf completely misses you.
Crazy Yiuf attacks as he pursues you! Crazy Yiuf closely misses you.
Press: ? - help, Shift-Dir - straight line, f/p - Crazy Yiuf
Aim: Crazy Yiuf, wielding a +3 quarterstaff of chaos and wearing a +0 cloak (75% to hit)
The sting misses Crazy Yiuf.
Crazy Yiuf barely misses you.
Crazy Yiuf says, "Mountain!"
Crazy Yiuf attacks as he pursues you! Crazy Yiuf barely misses you.
Press: ? - help, Shift-Dir - straight line, f/p - Crazy Yiuf
Aim: Crazy Yiuf, wielding a +3 quarterstaff of chaos and wearing a +0 cloak (75% to hit)
The sting hits Crazy Yiuf.
Crazy Yiuf is poisoned.
Crazy Yiuf attacks as he pursues you!
Crazy Yiuf hits you with a +3 quarterstaff of chaos!
You are electrocuted!
Crazy Yiuf attacks as he pursues you!
Crazy Yiuf hits you with a +3 quarterstaff of chaos!
* * * LOW HITPOINT WARNING * * *
You are lethally poisoned!
Okay, then.
Okay, then.
The air fills with toxic fumes!
As you read the scroll labelled ATUPROE YDDA, it crumbles to dust.
It was a scroll of poison.
* * * LOW HITPOINT WARNING * * *
You feel very sick.
Crazy Yiuf hits you with a +3 quarterstaff of chaos.
You die...

....#.......# ###.### ♣♣.♣♣
..###.......# #.# ♣)..♣♣
#.###.##.##†# #.# ♣....♣
#.#......##.# ##.## #....#
..#.#.......# #...# #....#
......##.##### #..## ##...####
..#.#........# #.######.......#
###.##.....#§#####§§§§§§........#
# #.##.#.#.#§§§§@g§§§§§§..#####.#
# #......#.######§#§##§§.........
####.#.#.# #§#.##....#####..
#.#.#.# #§#.......#####.. ####
#.....# #§#...(.....).... ...#
###.### #§#..##.#.######. ##.#
#...# #§§......)# ## ##.# #...#
##§§.....### ##.# #...#
#..)......#######


You could see Crazy Yiuf (poisoned).

Vanquished Creatures
  Sigmund (D:2)
  4 gnolls (D:2)
  A dart slug (D:2)
  2 ball pythons (D:2)
  An endoplasm (D:2)
  2 hobgoblins
  2 kobolds (D:1)
  A quokka (D:2)
  2 bats (D:2)
  2 frilled lizards
  4 rats
22 creatures vanquished.

Notes
Turn   | Place    | Note
-------+----------+-------------------------------------------
     0 | D:1      | domi the Demonspawn Alchemist began the quest for the Orb.
     0 | D:1      | Reached XP level 1. HP: 13/13 MP: 3/3
   105 | D:1      | Found Joafuer's Weapon Emporium.
   281 | D:1      | Found Qewnefex's Antique Armour Shop.
   558 | D:1      | Found Daos's Book Boutique.
  1074 | D:2      | Gained mutation: You may rarely emit foul miasma when
                  | damaged in melee. [demonic ancestry]
  1074 | D:2      | Reached XP level 2. HP: 19/19 MP: 3/5
  1220 | D:2      | Found a radiant altar of Vehumet.
  1237 | D:2      | Became a worshipper of Vehumet
  1637 | D:2      | Reached skill level 4 in Alchemy
  1637 | D:2      | Reached XP level 3. HP: 24/24 MP: 2/6
  1755 | D:2      | Learned a level 2 spell: Mercury Vapours
  1759 | D:2      | Learned a level 3 spell: Mephitic Cloud
  1938 | D:2      | Noticed Sigmund
  1963 | D:2      | Killed Sigmund
  1964 | D:2      | Reached skill level 2 in Air Magic
  1964 | D:2      | Reached skill level 5 in Alchemy
  1964 | D:2      | Gained mutation: You are surrounded by a mild repulsion
                  | field. (EV +2) [demonic ancestry]
  1964 | D:2      | Reached XP level 4. HP: 24/30 MP: 1/7
  1964 | D:2      | Reached XP level 5. HP: 28/35 MP: 1/8
  2146 | D:2      | Found a runed translucent door.
  2147 | D:2      | Noticed Crazy Yiuf
  2172 | D:2      | HP: 6/35 [Crazy Yiuf/+3 quarterstaff of chaos (10)]
  2173 | D:2      | Slain by Crazy Yiuf

Illustrated notes

Levels and vault maps discovered:
D:1:      amcnicky_arrival_flooded_fountain, layout_basic, serial_shops,
          nicolae_shop_crystal, nicolae_shop_bloodbath_and_beyond,
          nicolae_shop_advertising_works [nicolae_subvault_shop_adworks]
D:2:      layout_loops_cross, basic_altar, minivault_5,
          hangedman_abyss_or_decor_lesser_grid, uniq_crazy_yiuf_cottage,
          uniq_sigmund

Skill      XL: |  1  2  3 |
---------------+----------+-----
Alchemy        | 4 5 |  5.6
Air Magic      | 2 |  2.4
Dodging        | |  1.7
Stealth        | |  1.7
Spellcasting   | |  2.0
Conjurations   | |  1.0

Action                     |  1- 3 |  4- 6 || total
---------------------------+-------+-------++-------
   Cast: Sting             |    43 |     3 ||    46
         Mercury Vapours   |     1 |       ||     1
    Use: Scroll            |       |     1 ||     1
 Armour: Robe              |     7 |     3 ||    10
  Dodge: Dodged            |    13 |     4 ||    17
         Repelled          |     1 |       ||     1

Table legend: (Time is in decaauts)
 A = Elapsed time spent in this place.
 B = Non-inter-level travel time spent in this place.
 C = Inter-level travel time spent in this place.
 D = Time resting spent in this place.
 E = Time spent auto-exploring this place.
 F = Levels seen in this place.
 G = Mean time per level.
                   A        B        C        D        E       F      G
               +--------+--------+--------+--------+--------+-----+--------+
         Total |   2172 |   2133 |     39 |    129 |   1779 |   2 | 1086.0 |
       Dungeon |   2172 |   2133 |     39 |    129 |   1779 |   2 | 1086.0 |
               +--------+--------+--------+--------+--------+-----+--------+

Top non-repeatable levels by time:
     D:2: 1223 daAuts
     D:1: 949 daAuts

Levels and vault maps discovered:
D:1:      amcnicky_arrival_flooded_fountain, layout_basic, serial_shops,
          nicolae_shop_crystal, nicolae_shop_bloodbath_and_beyond,
          nicolae_shop_advertising_works [nicolae_subvault_shop_adworks]
D:2:      layout_loops_cross, basic_altar, minivault_5,
          hangedman_abyss_or_decor_lesser_grid, uniq_crazy_yiuf_cottage,
          uniq_sigmund

Table legend: (Time is in decaauts)
 A = Elapsed time spent in this place.
 B = Non-inter-level travel time spent in this place.
 C = Inter-level travel time spent in this place.
 D = Time resting spent in this place.
 E = Time spent auto-exploring this place.
 F = Levels seen in this place.
 G = Mean time per level.
                   A        B        C        D        E       F      G
               +--------+--------+--------+--------+--------+-----+--------+
         Total |   2172 |   2133 |     39 |    129 |   1779 |   2 | 1086.0 |
       Dungeon |   2172 |   2133 |     39 |    129 |   1779 |   2 | 1086.0 |
               +--------+--------+--------+--------+--------+-----+--------+

Top non-repeatable levels by time:
     D:2: 1223 daAuts
     D:1: 949 daAuts

Table legend:
 A = Kills in this place as a percentage of kills in the entire game.
 B = Kills by you in this place as a percentage of kills by you in the entire game.
 C = Kills by friends in this place as a percentage of kills by friends in the entire game.
 D = Other kills in this place as a percentage of other kills in the entire game.
 E = Experience gained in this place as a percentage of experience gained in the entire game.
 F = Experience gained in this place divided by the number of levels of this place that you have seen.
                   A       B       C       D       E      F
               +-------+-------+-------+-------+-------+----------------------
         Total | 100.0 | 100.0 |   N/A |   N/A | 100.0 | 157.0
       Dungeon | 100.0 | 100.0 |   N/A |   N/A | 100.0 | 157.0
               +-------+-------+-------+-------+-------+----------------------
